 Dungeon Crawl Stone Soup version 0.29.0-11-gd7f09526c8 (webtiles) character file.

Game seed: 1241134110829763994

263 VictoriousLee the Cudgeller (level 6, -10/37 HPs)
             Began as a Gargoyle Fighter on Sept 4, 2022.
             Was an Initiate of Gozag.
             Mangled by a wyvern (15 damage)
             ... on level 4 of the Dungeon.
             The game lasted 00:09:05 (3571 turns).

VictoriousLee the Cudgeller (Gargoyle Fighter)      Turns: 3571, Time: 00:09:06

Health: -10/37     AC: 11    Str: 21    XL:     6   Next: 19%
Magic:  6/6        EV:  9    Int: 15    God:    Gozag
Gold:   149        SH:  4    Dex:  9    Spells: 5/5 levels left

rFire   . . .      SeeInvis .   a - +0 flail
rCold   . . .      Faith    .   c - +0 buckler
rNeg    + . .      Spirit   .   b - +0 scale mail
rPois   ∞          Reflect  .   (no helmet)
rElec   +          Harm     .   (no cloak)
rCorr   .          Rampage  .   (no gloves)
Will    .....                   (no boots)
Stlth   ..........              p - amulet of regeneration
HPRegen 0.92/turn               k - +6 ring of intelligence
MPRegen 0.10/turn               (no ring)

@: mighty, hasted, very quick
A: sickness immunity, AC +4, negative energy resistance 1, electricity
resistance, torment resistance 1, petrification resistance
a: Renounce Religion, Potion Petition, Call Merchant, Bribe Branch


You were on level 4 of the Dungeon.
You worshipped Gozag.
Gozag was aware of your devotion.
You visited 1 branch of the dungeon, and saw 4 of its levels.

You collected 178 gold pieces.
You paid 29 gold pieces to Gozag.

Inventory:

Hand Weapons
 a - a +0 flail (weapon)
 e - a +0 mace
Missiles
 m - 20 stones (quivered)
Armour
 b - a +0 scale mail (worn)
 c - a +0 buckler (worn)
 o - a +0 ring mail
Magical Staves
 h - a staff of poison
 r - a staff of poison
Jewellery
 k - a +6 ring of intelligence (left hand)
 p - an amulet of regeneration (around neck)
 t - a ring of wizardry
Scrolls
 f - 2 scrolls of magic mapping {unknown}
 g - a scroll of poison {unknown}
 j - a scroll of amnesia {unknown}
 l - 2 scrolls of identify {unknown}
 n - 2 scrolls of enchant weapon {unknown}
 s - a scroll of enchant armour {unknown}
 u - a scroll of fear {unknown}
 v - a scroll of noise {unknown}
Potions
 i - a potion of heal wounds {unknown}
 q - 2 potions of haste
 w - a potion of curing {unknown}


   Skills:
 - Level 3.2 Fighting
 + Level 6.3 Maces & Flails
 - Level 3.2 Armour
 - Level 3.2 Shields


You had 5 spell levels left.
You didn't know any spells.
Your spell library contained the following spells:

 Spells                   Type           Power      Damage    Failure   Level
 Inner Flame              Hex/Fire       0%         N/A       96%         3
 Ozocubu's Armour         Ice            0%         N/A       96%         3
 Cause Fear               Hex            0%         N/A       100%        4
 Ozocubu's Refrigeration  Ice            0%         4d7       100%        7
 Discord                  Hex            0%         N/A       100%        8


Dungeon Overview and Level Annotations

Branches:
Dungeon (4/15)
 Temple: D:4-7

Altars:
Fedhas
Gozag
Okawaru
Qazlal
Trog


Innate Abilities, Weirdness & Mutations

You are immune to sickness and miasma.
Your stone body is resilient. (AC +4)
You are immune to poison.
You resist negative energy. (rN+)
You are resistant to electric shocks. (rElec)
You are resistant to unholy torment.
You are immune to petrification.


Message History

You hit the wyvern but do no damage. You block the wyvern's attack.
You hit the wyvern.
The wyvern is lightly wounded.
The wyvern barely misses you. The wyvern bites you.
You hit the wyvern.
The wyvern is lightly wounded.
The wyvern bites you but does no damage.
The wyvern barely misses you.
You hit the wyvern.
The wyvern is lightly wounded.
The wyvern bites you.
You sock the wyvern!
The wyvern is heavily wounded.
The wyvern barely misses you.
The wyvern bites you but does no damage.
You closely miss the wyvern.
The wyvern is heavily wounded.
The wyvern bites you!
The wyvern bites you but does no damage.
You hit the wyvern but do no damage.
The wyvern is heavily wounded.
The wyvern bites you!
The wyvern bites you but does no damage.
You feel very mighty all of a sudden. The wyvern bites you.
You closely miss the wyvern.
The wyvern is heavily wounded.
The wyvern bites you. x2
* * * LOW HITPOINT WARNING * * *
You closely miss the wyvern.
The wyvern is heavily wounded.
The wyvern hisses menacingly.
The wyvern barely misses you. You block the wyvern's attack.
You barely miss the wyvern.
The wyvern is heavily wounded.
The wyvern bites you!
* * * LOW HITPOINT WARNING * * *
It was a potion of haste.
You feel yourself speed up. The wyvern bites you!
You die...
Your body crumbles into a pile of gold.

##..............
##...............
#..............<.
#................
#................
###................
...................
.............<............
...........@l.......[.....
...###.<....................
...# ##.....................
... ##....................
#.. ##...$...............
#.# ##..$..$............
#..# #....$.............
#..###..$...............
#.......................


You could see a wyvern.

Vanquished Creatures
  2 hounds (D:3)
  An iguana (D:4)
  5 gnolls
  5 adders
  3 worms
  4 dart slugs
  5 bats
  6 endoplasms
  3 goblins
  8 hobgoblins
  7 jackals
  3 quokkas
  8 ball pythons
  A frilled lizard (D:2)
  7 kobolds
  8 rats
76 creatures vanquished.

Notes
Turn   | Place    | Note
-------+----------+-------------------------------------------
     0 | D:1      | VictoriousLee the Gargoyle Fighter began the quest for the
                  | Orb.
     0 | D:1      | Reached XP level 1. HP: 14/14 MP: 1/1
   328 | D:1      | Reached XP level 2. HP: 19/19 MP: 2/2
   368 | D:1      | Reached skill level 3 in Maces & Flails
   463 | D:1      | Found a faded altar of an unknown god.
   692 | D:1      | Reached XP level 3. HP: 23/23 MP: 3/3
  1323 | D:2      | Reached skill level 4 in Maces & Flails
  1327 | D:2      | Reached XP level 4. HP: 22/28 MP: 4/4
  2721 | D:3      | Reached skill level 5 in Maces & Flails
  2753 | D:3      | Reached XP level 5. HP: 32/32 MP: 5/5
  2844 | D:3      | Found an opulent altar of Gozag.
  2868 | D:3      | Became a worshipper of Gozag Ym Sagoz the Greedy
  2944 | D:3      | Found a blossoming altar of Fedhas.
  2944 | D:3      | Found a bloodstained altar of Trog.
  3329 | D:3      | Found a stormy altar of Qazlal.
  3331 | D:3      | Found a faded altar of an unknown god.
  3332 | D:3      | Found an iron altar of Okawaru.
  3450 | D:4      | Reached skill level 6 in Maces & Flails
  3450 | D:4      | Reached XP level 6. HP: 36/37 MP: 6/6
  3555 | D:4      | Noticed a wyvern
  3571 | D:4      | Mangled by a wyvern

Illustrated notes

Levels and vault maps discovered:
D:1:      saegor_arrival_simple_a, layout_loops_cross,
          nicolae_ecumenical_snake_handling, chequers_serial_rivers_micro_d
D:2:      layout_rooms
D:3:      layout_loops_cross, chequers_temple_overflow_minitemple,
          grunt_gozag_statues, cheibrodos_gnoll_hut
D:4:      layout_layer_cave, grunt_dithmenos_smoke_and_mirrors,
          jmf_multi_god_temple2, uniq_ijyb

Skill      XL: |  1  2  3  4  5 |
---------------+----------------+-----
Maces & Flails | 3 4 5 6 |  6.3
Fighting       | |  3.2
Armour         | |  3.2
Shields        | |  3.2

Action                   |  1- 3 |  4- 6 || total
-------------------------+-------+-------++-------
Melee: Flail             |    96 |   196 ||   292
  Use: Potion            |       |     2 ||     2
 Stab: Distracted        |       |     1 ||     1
Armor: Scale mail        |    62 |   111 ||   173
Dodge: Dodged            |    66 |    93 ||   159
Block: Buckler           |    31 |    43 ||    74
